 Dungeon Crawl Stone Soup version 0.28.0-55-gcd9437bce4 (webtiles) character file.

Game seed: 9451182790142362322

199 nerdsy the Vexing (level 5, -4/41 HPs)
             Began as a Gnoll Arcane Marksman on Dec 30, 2022.
             Killed from afar by an orc wizard (9 damage)
             ... with a puff of flame
             ... on level 3 of the Dungeon.
             The game lasted 00:15:55 (2629 turns).

nerdsy the Vexing (Gnoll Arcane Marksman)           Turns: 2629, Time: 00:16:06

Health: -4/41      AC:  6    Str:  8 (9)  XL:     5   Next: 77%
Magic:  9/9        EV:  9    Int: 11 (12) God:
Gold:   103        SH:  0    Dex: 14 (15) Spells: 9/10 levels left

rFire   . . .      SeeInvis .   j - +3 hunting sling (flame)
rCold   . . .      Faith    .   (no shield)
rNeg    . . .      Spirit   .   k - +0 scale mail
rPois   .          Reflect  .   (no helmet)
rElec   .          Harm     .   (no cloak)
rCorr   .          Rampage  .   (no gloves)
Will    .....                   (no boots)
Stlth   ..........              (no amulet)
HPRegen 0.13/turn               (no ring)
MPRegen 0.11/turn               (no ring)

@: confused
A: fangs 1, strong nose, distributed training
a: no special abilities


You were on level 3 of the Dungeon.
You visited 1 branch of the dungeon, and saw 3 of its levels.

You collected 103 gold pieces.

Inventory:

Hand Weapons
 a - a +0 hand crossbow
 d - a +1 dagger of venom
 j - a +3 hunting sling of flaming (weapon)
 m - the +3 spear "Diadus Geme" {freeze, Int+3 Stlth+}
   (You found it on level 2 of the Dungeon)

   It freezes those it strikes, dealing additional cold damage.
   It can also slow down cold-blooded creatures.
   Int:       It affects your intelligence (+3).
   Stlth:     It makes you more stealthy.
Missiles
 c - 24 bolts
 f - 87 stones (quivered ammo)
 g - 3 poisoned darts
 l - 11 arrows
Armour
 k - a +0 scale mail (worn)
Magical Staves
 i - a staff of cold
Wands
 h - a wand of digging (4)
Scrolls
 b - a scroll of holy word
 e - a scroll of identify
 p - a scroll of brand weapon {unknown}
Potions
 n - a potion of lignification
 r - a potion of resistance {unknown}


   Skills:
 + Level 3.0 Fighting
 + Level 1.6 Short Blades
 + Level 1.6 Long Blades
 + Level 1.6 Axes
 + Level 1.6 Maces & Flails
 + Level 1.6 Polearms
 + Level 1.6 Staves
 + Level 1.6 Slings
 + Level 1.6 Bows
 + Level 4.8 Crossbows
 + Level 1.6 Throwing
 + Level 1.6 Armour
 + Level 4.8 Dodging
 + Level 1.6 Stealth
 + Level 1.6 Shields
 + Level 1.6 Unarmed Combat
 + Level 3.2 Spellcasting
 + Level 1.3 Conjurations
 + Level 5.6 Hexes
 + Level 1.3 Summonings
 + Level 1.3 Necromancy
 + Level 1.3 Translocations
 + Level 1.3 Transmutations
 + Level 1.3 Fire Magic
 + Level 1.3 Ice Magic
 + Level 1.3 Air Magic
 + Level 1.3 Earth Magic
 + Level 1.3 Poison Magic
 + Level 1.8 Invocations
 + Level 1.6 Evocations


You had 9 spell levels left.
You knew the following spells:

 Your Spells              Type           Power      Damage    Failure   Level
a - Slow                  Hex            56%        N/A       26%         1

Your spell library contained the following spells:

 Spells                   Type           Power      Damage    Failure   Level
 Inner Flame              Hex/Fire       9%         N/A       87%         3
 Portal Projectile        Hex/Tloc       18%        N/A       87%         3
 Cause Fear               Hex            7%         N/A       94%         4


Dungeon Overview and Level Annotations

Branches:
Dungeon (3/15)

Altars:


Innate Abilities, Weirdness & Mutations

You have very sharp teeth.
Your uncanny sense of smell can sniff out nearby items.
Your experience applies equally to all skills.


Message History

* * * LOW HITPOINT WARNING * * *
Fire: 93 stones
Press: ? - help, Q - select action, (/) - cycle Shift-Dir - straight line You shoot a stone.
Something hits you.
* * * LOW HITPOINT WARNING * * *
Something freezes you.
* * * LOW HITPOINT WARNING * * *
Fire: 92 stones
Press: ? - help, Q - select action, (/) - cycle Shift-Dir - straight line You shoot a stone.
You hear some strange, mumbled words.
Something tries to affect you, but you resist.
Fire: 91 stones
Press: ? - help, Q - select action, (/) - cycle Shift-Dir - straight line You shoot a stone.
Something hits you but does no damage.
Fire: 90 stones
Press: ? - help, Q - select action, (/) - cycle Shift-Dir - straight line You shoot a stone.
Something hits you but does no damage. x2
Fire: 89 stones
Press: ? - help, Q - select action, (/) - cycle Shift-Dir - straight line You shoot a stone.
Something hits you.
* * * LOW HITPOINT WARNING * * *
Something freezes you.
* * * LOW HITPOINT WARNING * * *
Fire: 88 stones
Press: ? - help, Q - select action, (/) - cycle Shift-Dir - straight line You shoot a stone.
You hear some strange, mumbled words.
You are confused.
It was a potion of degeneration.
There was something very wrong with that liquid.
You feel weakened.
You feel dopey.
You feel clumsy.
You hear some strange, mumbled words.
A puff of flame appears from out of thin air!
The puff of flame hits you!
You die...

#...#.# .........#
#...#.# .......
#..##.# . #..##.# .#
#..##.# .#
#.###.#########.####
#..............(...
#.###.########{.###.#
#.# #.# #.@)(.(..(
#.# #.# #.#(......
#.# #.# ##.#.......
##.###.# ##..###.####
#...##.####..## .#
#...##......## #
#...##..#####
#...##### #...#


There were no monsters in sight!

Vanquished Creatures
  Terence (D:2)
  Jessica (D:2)
  Ijyb (D:2)
  A hound skeleton (D:2)
  2 adders (D:2)
  A gnoll (D:1)
  A worm (D:3)
  2 dart slugs
  4 orcs (D:3)
  6 bats
  2 endoplasms
  A giant cockroach (D:1)
  12 goblins
  7 hobgoblins
  4 jackals (D:2)
  6 kobolds
  2 quokkas (D:1)
  8 ball pythons
  3 frilled lizards
  4 rats
69 creatures vanquished.

Notes
Turn   | Place    | Note
-------+----------+-------------------------------------------
     0 | D:1      | nerdsy the Gnoll Arcane Marksman began the quest for the
                  | Orb.
     0 | D:1      | Reached XP level 1. HP: 17/17 MP: 4/4
    42 | D:1      | Reached XP level 2. HP: 23/23 MP: 5/5
   373 | D:1      | Reached XP level 3. HP: 23/28 MP: 7/7
   436 | D:1      | Found a faded altar of an unknown god.
   627 | D:1      | Reached skill level 1 in Invocations
  1183 | D:2      | Reached skill level 1 in Short Blades
  1183 | D:2      | Reached skill level 1 in Long Blades
  1183 | D:2      | Reached skill level 1 in Axes
  1183 | D:2      | Reached skill level 1 in Maces & Flails
  1183 | D:2      | Reached skill level 1 in Polearms
  1183 | D:2      | Reached skill level 1 in Staves
  1183 | D:2      | Reached skill level 1 in Slings
  1183 | D:2      | Reached skill level 1 in Bows
  1183 | D:2      | Reached skill level 1 in Throwing
  1183 | D:2      | Reached skill level 1 in Armour
  1183 | D:2      | Reached skill level 1 in Stealth
  1183 | D:2      | Reached skill level 1 in Shields
  1183 | D:2      | Reached skill level 1 in Unarmed Combat
  1183 | D:2      | Reached skill level 1 in Evocations
  1239 | D:2      | Noticed Ijyb
  1258 | D:2      | HP: 2/42 [goblin/+0 club (2)]
  1259 | D:2      | Killed Ijyb
  1260 | D:2      | Reached XP level 4. HP: 2/34 MP: 8/8
  1675 | D:2      | Noticed Jessica
  1676 | D:2      | Killed Jessica
  1677 | D:2      | Reached skill level 1 in Conjurations
  1677 | D:2      | Reached skill level 1 in Summonings
  1677 | D:2      | Reached skill level 1 in Necromancy
  1677 | D:2      | Reached skill level 1 in Translocations
  1677 | D:2      | Reached skill level 1 in Transmutations
  1677 | D:2      | Reached skill level 1 in Fire Magic
  1677 | D:2      | Reached skill level 1 in Ice Magic
  1677 | D:2      | Reached skill level 1 in Air Magic
  1677 | D:2      | Reached skill level 1 in Earth Magic
  1677 | D:2      | Reached skill level 1 in Poison Magic
  1693 | D:2      | Noticed Terence
  1715 | D:2      | Killed Terence
  1716 | D:2      | Reached XP level 5. HP: 5/40 MP: 9/9
  2052 | D:2      | Identified the +3 spear "Diadus Geme" {freeze, Int+3
                  | Stlth+}
  2619 | D:3      | HP: 2/41 [something (1)]
  2629 | D:3      | Killed from afar by an orc wizard

Illustrated notes

Levels and vault maps discovered:
D:1:      minmay_arrival_pointy, layout_basic,
          hellmonk_ecumenical_altar_leap_of_faith, st_stairs_3
D:2:      kennysheep_the_goblin_king, layout_basic, uniq_jessica, uniq_terence
D:3:      layout_rooms

Skill      XL: |  1  2  3  4  5 |
---------------+----------------+-----
Invocations    | 1 |  1.8
Short Blades   | 1 |  1.6
Long Blades    | 1 |  1.6
Axes           | 1 |  1.6
Maces & Flails | 1 |  1.6
Polearms       | 1 |  1.6
Staves         | 1 |  1.6
Slings         | 1 |  1.6
Bows           | 1 |  1.6
Throwing       | 1 |  1.6
Armour         | 1 |  1.6
Stealth        | 1 |  1.6
Shields        | 1 |  1.6
Unarmed Combat | 1 |  1.6
Evocations     | 1 |  1.6
Spellcasting   | 3 |  3.2
Conjurations   | 1 |  1.3
Summonings     | 1 |  1.3
Necromancy     | 1 |  1.3
Translocations | 1 |  1.3
Transmutations | 1 |  1.3
Fire Magic     | 1 |  1.3
Ice Magic      | 1 |  1.3
Air Magic      | 1 |  1.3
Earth Magic    | 1 |  1.3
Poison Magic   | 1 |  1.3
Fighting       | 3 |  3.0
Crossbows      | |  4.8
Dodging        | |  4.8
Hexes          | |  5.6

Action                   |  1- 3 |  4- 6 || total
-------------------------+-------+-------++-------
 Fire: Hand crossbow     |    89 |    34 ||   123
       Hunting sling     |       |    73 ||    73
  Use: Scroll            |     4 |       ||     4
       Potion            |     1 |     3 ||     4
Armor: Robe              |     2 |       ||     2
       Leather armour    |     4 |       ||     4
       Skin              |    23 |     9 ||    32
       Ring mail         |    10 |       ||    10
       Scale mail        |       |    27 ||    27
Dodge: Dodged            |    21 |    30 ||    51
